 Dungeon Crawl Stone Soup version 0.31-a0-1612-g4aaf141 (webtiles) character file.

Game seed: 10378903727657928540

42 PidgeyThePirate the Trooper (level 3, -4/30 HPs)
             Began as a Demonspawn Chaos Knight on Jan 9, 2024.
             Was a Plaything of Xom.
             Killed from afar by Sigmund (10 damage)
             ... with a puff of flame
             ... on level 2 of the Dungeon.
             The game lasted 00:02:10 (1122 turns).

PidgeyThePirate the Trooper (DsCK)                  Turns: 1122, Time: 00:02:10

Health: -4/30      AC:  7    Str: 14    XL:     3   Next: 35%
Magic:  3/3        EV: 11    Int: 12    God:    Xom [......]
Gold:   72         SH:  0    Dex: 12    Spells: 2/2 levels left

rFire   . . .        a - +0 short sword (chaos)
rCold   . . .        (no shield)
rNeg    . . .        b - +2 leather armour
rPois   .            k - +0 helmet
rElec   .            l - +0 cloak
rCorr   .            (no gloves)
SInv    .            (no boots)
Will    .....        i - amulet of regeneration
Stlth   +            (no ring)
HPRegen 1.05/turn    (no ring)
MPRegen 0.16/turn

%: no passive effects
@: invisible
A: magic regeneration
a: Renounce Religion


You were on level 2 of the Dungeon.
You worshipped Xom.
You were a very special plaything of Xom.
You visited 1 branch of the dungeon, and saw 2 of its levels.

You collected 72 gold pieces.

Inventory:

Hand Weapons
 a - a +0 short sword of chaos (weapon)
Armour
 b - a +2 leather armour (worn)
 k - a +0 helmet (worn)
 l - a +0 cloak (worn)
Jewellery
 i - an amulet of regeneration (around neck)
Scrolls
 c - a scroll of butterflies
 e - 2 scrolls of teleportation {unknown}
 g - a scroll of vulnerability {unknown}
Potions
 d - a potion of brilliance {unknown}
 f - 2 potions of curing
 h - a potion of invisibility
 j - a potion of attraction {unknown}


   Skills:
 + Level 3.6 Fighting
 + Level 3.1 Short Blades
 + Level 2.2 Armour
 + Level 1.0 Dodging
 * Level 0.2 Spellcasting


You had 2 spell levels left.
You didn't know any spells.
Your spell library contained the following spells:

 Spells                   Type           Power      Damage    Failure   Level
 Blink                    Tloc           0%         N/A       52%         2
 Lesser Beckoning         Tloc           0%         N/A       52%         2
 Momentum Strike          Conj/Tloc      0%         3d8       52%         2


Dungeon Overview and Level Annotations

Branches:
Dungeon (2/15)

Altars:

Annotations:
D:2 Sigmund


Innate Abilities, Weirdness & Mutations

You regenerate magic rapidly.


Message History

You hit the endoplasm.
The endoplasm is heavily wounded.
The bat closely misses you. Something hits you.
* * * LOW HITPOINT WARNING * * *
It was a potion of curing.
You feel better.
Xom roars with laughter!
The endoplasm is no longer moving slowly.
The bat closely misses you. Something hits you but does no damage.
The endoplasm freezes you.
You are frozen.
* * * LOW HITPOINT WARNING * * *
It was a potion of invisibility.
You fade into invisibility!
You hear some strange, mumbled words.
The endoplasm appears confused.
The endoplasm barely misses you.
You hit the endoplasm. You burn the endoplasm.
You kill the endoplasm!
The bat hits you but does no damage.
A magic dart appears from out of thin air!
The bat closely misses you.
You catch the helpless ball python completely off-guard!
You hit the ball python.
Lightning courses through the ball python!!
You kill the ball python!
The bat barely misses you. The bat misses you. Something hits you.
* * * LOW HITPOINT WARNING * * *
Your Dodging skill increases to level 1!
You barely miss the bat. The bat hits you but does no damage.
You barely miss the bat. The bat hits you.
* * * LOW HITPOINT WARNING * * *
Something hits you.
* * * LOW HITPOINT WARNING * * *
The bat hits you but does no damage. x2
A magic dart appears from out of thin air!
The magic dart hits the bat.
The bat dies!
You hear some strange, mumbled words.
A puff of flame appears from out of thin air!
The puff of flame hits you!
You die...

.......#..#
.##.#.#
##...#.##
.#.#.#
..####....#
..#.#
.....#.).##
...#
#......####..#
###.........#
#.#$###.{##
#.#.#...†#
#.....##@######
...........>..#
#...####†..####
#.... ###...#
...#. ##... ..
##.. #


There were no monsters in sight!

Vanquished Creatures
  2 adders (D:2)
  A dart slug (D:1)
  A ribbon worm (D:1)
  A bat (D:2)
  4 endoplasms
  4 goblins
  A hobgoblin (D:1)
  A quokka (D:1)
  2 ball pythons (D:2)
  A frilled lizard (D:1)
  A kobold (D:1)
19 creatures vanquished.

Vanquished Creatures (others)
  An endoplasm (D:2)
  A bat (D:2)
2 creatures vanquished.

Grand Total: 21 creatures vanquished

Notes
Turn   | Place    | Note
-------+----------+-------------------------------------------
     0 | D:1      | PidgeyThePirate the Demonspawn Chaos Knight began the quest
                  | for the Orb.
     0 | D:1      | Reached XP level 1. HP: 18/18 MP: 1/1
    99 | D:1      | XOM: divination: detect creatures
   354 | D:1      | Gained mutation: You regenerate magic rapidly. [demonic
                  | ancestry]
   354 | D:1      | Reached XP level 2. HP: 24/24 MP: 2/2
   383 | D:1      | XOM: smoke on damage
   688 | D:1      | XOM: divination: magic mapping
   735 | D:1      | XOM: god gift: 40 gold pieces
   952 | D:2      | XOM: destruction
   992 | D:2      | Reached XP level 3. HP: 17/29 MP: 3/3
  1093 | D:2      | Noticed Sigmund
  1094 | D:2      | XOM: noise
  1119 | D:2      | Reached skill level 1 in Dodging
  1122 | D:2      | Killed from afar by Sigmund

Illustrated notes

Levels and vault maps discovered:
D:1:      dpeg_arrival_brainrot, layout_loops_corners, chequers_arboretum
D:2:      minmay_inner_zag, layout_rooms, uniq_sigmund

Skill      XL: |  1  2  3 |
---------------+----------+-----
Armour         | 2 |  2.2
Short Blades   | 3 |  3.1
Dodging        | 1 |  1.0
Fighting       | |  3.6
Spellcasting   | |  0.2

Action                     || total
---------------------------++-------
  Melee: Short sword       ||    80
         Punch             ||     1
    Use: Potion            ||     2
   Stab: Confused          ||     1
         Distracted        ||     1
         Invisible         ||     1
 Armour: Leather armour    ||    53
  Dodge: Dodged            ||    41

Table legend: (Time is in decaauts)
 A = Elapsed time spent in this place.
 B = Non-inter-level travel time spent in this place.
 C = Inter-level travel time spent in this place.
 D = Time resting spent in this place.
 E = Time spent auto-exploring this place.
 F = Levels seen in this place.
 G = Mean time per level.
                   A        B        C        D        E       F      G
               +--------+--------+--------+--------+--------+-----+--------+
         Total |   1110 |   1083 |     27 |      0 |    853 |   2 |  555.0 |
       Dungeon |   1110 |   1083 |     27 |      0 |    853 |   2 |  555.0 |
               +--------+--------+--------+--------+--------+-----+--------+

Top non-repeatable levels by time:
     D:1: 944 daAuts
     D:2: 165 daAuts
